 Dungeon Crawl Stone Soup version 0.22-a0-136-g83a10e5 (webtiles) character file.

267 Gorbigon the Digger (level 6, -6/32 HPs)
             Began as a Gargoyle Earth Elementalist on Feb 5, 2018.
             Killed from afar by Blork the orc (9 damage)
             ... with a puff of frost
             ... on level 4 of the Dungeon.
             The game lasted 00:08:29 (3510 turns).

Gorbigon the Digger (Gargoyle Earth Elementalist)   Turns: 3510, Time: 00:08:29

Health: -6/32      AC:  8    Str: 11    XL:     6   Next: 21%
Magic:  11/11      EV: 12    Int: 18    God:
Gold:   221        SH:  0    Dex: 10    Spells: 8/12 levels left

rFire    . . .     SeeInvis .   j - +0 whip
rCold    . . .     Gourm    .   (no shield)
rNeg     + . .     Faith    .   c - +0 robe
rPois    ∞         Spirit   .   (no helmet)
rElec    +         Reflect  .   (no cloak)
rCorr    .         Harm     .   l - +0 pair of gloves
MR       .....                  h - +0 pair of boots
Stlth    ++........             (no amulet)
HPRegen  0.10/turn              (no ring)
MPRegen  0.12/turn              (no ring)

@: no status effects
A: negative energy resistance 1, electricity resistance, unbreathing,
petrification resistance, rot immunity, AC +4
a: no special abilities


You were on level 4 of the Dungeon.
You were not hungry.

You visited 1 branch of the dungeon, and saw 4 of its levels.

You collected 221 gold pieces.

Inventory:

Hand Weapons
 j - a +0 whip (weapon)
Missiles
 b - 162 stones (quivered)
Armour
 c - a +0 robe (worn)
 h - a +0 pair of boots (worn)
 l - a +0 pair of gloves (worn)
Jewellery
 w - an uncursed amulet of magic regeneration {unknown}
 A - an uncursed ring of fire {unknown}
Scrolls
 a - 2 scrolls of noise {unknown}
 f - a scroll of fear {unknown}
 g - 5 scrolls of teleportation {unknown}
 i - a scroll of fog {unknown}
 k - 4 scrolls of identify {unknown}
 n - a scroll of enchant armour {unknown}
 v - 3 scrolls of remove curse {unknown}
 y - a scroll of enchant weapon {unknown}
Potions
 m - a potion of magic {unknown}
 o - a potion of curing {unknown}
 p - a potion of heal wounds {unknown}
 r - a potion of agility {unknown}
 s - a potion of flight {unknown}
 t - a potion of might {unknown}
 u - a potion of ambrosia {unknown}
 x - a potion of resistance {unknown}
 z - a potion of brilliance {unknown}
Books
 e - a book of Geomancy

   Spells                             Type                      Level
   a - Sandblast                      Earth                        1
   b - Passwall                       Transmutation/Earth          2
   c - Stone Arrow                    Conjuration/Earth            3
   d - Petrify                        Transmutation/Earth          4
   e - Lee's Rapid Deconstruction     Earth                        5
Comestibles
 d - 8 rations
 q - 4 chunks of flesh


   Skills:
 - Level 1.5 Dodging
 - Level 2.1 Stealth
 + Level 3.7 Spellcasting
 * Level 3.3 Conjurations
   Level 0.7 Transmutations
 + Level 5.6 Earth Magic


You had 8 spell levels left.
You knew the following spells:

 Your Spells              Type           Power        Failure   Level  Hunger
a - Sandblast             Erth           ###...       1%          1    None
b - Stone Arrow           Conj/Erth      ###...       7%          3    ###....


Dungeon Overview and Level Annotations

Branches:
Dungeon (4/15)
 Temple: D:4-7

Altars:
Sif Muna

Annotations:
D:4 Blork the orc; cranach's ghost, amateur HOFi


Innate Abilities, Weirdness & Mutations

You are resistant to torment.
Your stone body is resilient. (AC +4)
You are immune to poison.
You resist negative energy. (rN+)
You are resistant to electric shocks. (rElec)
You can survive without breathing.
You are immune to petrification.
You are immune to rotting.


Message History

The bullfrog skeleton is heavily damaged.
The bullfrog skeleton hits you but does no damage.
Cranach's ghost hits you!
* * * LOW HITPOINT WARNING * * *
You see here a trident.
The bullfrog skeleton closely misses you.
The bullfrog skeleton hits you but does no damage.
The bullfrog skeleton hits you.
* * * LOW HITPOINT WARNING * * *
Blork the orc comes into view.
He is wielding a dire flail of protection.
Blork the orc shouts!
The bullfrog skeleton hits you but does no damage.
Blork the orc hits you with a dire flail of protection.
* * * LOW HITPOINT WARNING * * *
An orc comes into view. It is wielding a club.
Blork the orc gestures wildly while chanting.
Blork the orc seems to speed up.
Blork the orc points at you and mumbles some strange words.
The puff of frost hits you!
You die...

### # ..#.# # # #.#.#
#.#.#####.#.####.
#######...............o
#......>.....@.o.......
#.#.....#.#####Z#####...
## #.#.#####.# #.# ..#
.# #.#.#####.# #W# ..#
.# #.#....##.#####O#
#..# .#
#.####.#......#.# #..#
.###.# #.#......#.# #..#
.....#
#.#......#.#####..#####
.#####
#.#......#.............


You could see Blork the orc and a bullfrog skeleton.

Vanquished Creatures
  The ghost of coolguy69 the Sneak, an amateur VSAs (D:3)
  2 orc wizards (D:3)
  4 adders
  An ooze (D:2)
  3 worms (D:3)
  2 dart slugs (D:1)
  2 leopard geckos (D:1)
  An orc (D:3)
  12 bats
  2 giant cockroaches
  3 goblins
  4 hobgoblins
  11 jackals
  6 kobolds
  A frilled lizard (D:1)
  5 rats
60 creatures vanquished.

Notes
Turn   | Place    | Note
-------+----------+-------------------------------------------
     0 | D:1      | Gorbigon the Gargoyle Earth Elementalist began the quest for the Orb.
     0 | D:1      | Reached XP level 1. HP: 10/10 MP: 3/3
   326 | D:1      | Reached skill level 4 in Earth Magic
   326 | D:1      | Reached XP level 2. HP: 10/15 MP: 5/5
   677 | D:1      | You fall through a shaft!
   815 | D:1      | Reached XP level 3. HP: 17/19 MP: 6/6
  1180 | D:1      | Learned a level 3 spell: Stone Arrow
  1683 | D:2      | Reached XP level 4. HP: 11/24 MP: 6/8
  2003 | D:3      | Noticed coolguy69's ghost (amateur VSAs)
  2009 | D:3      | Killed coolguy69's ghost
  2009 | D:3      | Reached skill level 5 in Earth Magic
  2009 | D:3      | Reached XP level 5. HP: 22/28 MP: 1/10
  2558 | D:3      | Found a deep blue altar of Sif Muna.
  2570 | D:3      | Reached XP level 6. HP: 32/32 MP: 6/11
  3127 | D:4      | Noticed cranach's ghost (amateur HOFi)
  3506 | D:4      | Noticed Blork the orc
  3510 | D:4      | Killed from afar by Blork the orc

Vault maps used:
D:1:      dpeg_arrival_pond, grunt_decor_clamped, nrook_mini_vaults
D:3:      led_sif_book
D:4:      lemuel_doored_altar, uniq_blork_the_orc

Skill      XL: |  1  2  3  4  5 |
---------------+----------------+-----
Earth Magic    | 4 5 |  5.6
Spellcasting   | 3 |  3.7
Conjurations   | 2 3 |  3.3
Dodging        | |  1.5
Stealth        | |  2.1
Transmutations | |  0.7

Action                   |  1- 3 |  4- 6 || total
-------------------------+-------+-------++-------
Melee: Unarmed           |    67 |       ||    67
       Whip              |   116 |    98 ||   214
 Cast: Sandblast         |     5 |    21 ||    26
       Stone Arrow       |       |     1 ||     1
 Stab: Sleeping          |     8 |     1 ||     9
  Eat: Chunk             |     3 |     6 ||     9
Armor: Robe              |    81 |    38 ||   119
Dodge: Dodged            |   170 |    76 ||   246

Table legend:
 A = Spawn XP
 B = Non-spawn XP
 C = Spawn XP percentage of total XP
 D = Spawn monster count
 E = Non-spawn monster count
 F = Spawn count percentage of total count
 G = Total turns spent on level
                    A         B        C        D         E        F      G
               +---------+---------+-------+---------+---------+-------+---------
         Total |       0 |     382 |   0.0 |       0 |      60 |   0.0 |  3510
               +---------+---------+-------+---------+---------+-------+---------
           D:1 |       0 |      46 |   0.0 |       0 |      25 |   0.0 |  1156
           D:2 |       0 |      41 |   0.0 |       0 |      14 |   0.0 |   835
           D:3 |       0 |     276 |   0.0 |       0 |      17 |   0.0 |  1341
           D:4 |       0 |      19 |   0.0 |       0 |       4 |   0.0 |   178
               +---------+---------+-------+---------+---------+-------+---------
